 Dungeon Sprint DCSS version 0.19-a0-1827-g174f941 (webtiles) character file.

8 Theye the Bolt Thrower (level 2, 0/24 HPs)
             Began as a Demonspawn Hunter on Oct 7, 2016.
             Was an Initiate of Qazlal.
             Slain by an air elemental (2 damage)
             ... in the Dungeon (Sprint V: "Ziggurat Sprint").
             The game lasted 00:00:46 (70 turns).

Theye the Bolt Thrower (Demonspawn Hunter)            Turns: 70, Time: 00:00:46

Health: 0/24       AC: 18    Str: 24    XL:     2   Next: 0%
Magic:  1/5        EV:  4    Int: 12    God:    Qazlal [......]
Gold:   0          SH:  0    Dex: 13    Spells: 0 memorised, 1 level left

rFire  + . .     SeeInvis +     K - +9 heavy crossbow "Sniper" {velocity, nevermiss, SInv}
rCold  + . .     Gourm    .     l - +5 gold dragon armour
rNeg   . . .     Faith    .     (shield currently unavailable)
rPois  +         Spirit   .     (no helmet)
rElec  .         Dismiss  .     (no cloak)
rCorr  .         Reflect  .     (no gloves)
MR     .....     Harm     .     (no boots)
Stlth  .......... NoTele   +    (no amulet)
                                J - +6 ring of strength
                                I - +6 ring of strength

@: very slightly contaminated, invisible
A: talons 1
a: Renounce Religion


You were in the Dungeon.
You worshipped Qazlal.
Qazlal was noncommittal.
You were not hungry.

You visited 1 branch

Inventory:

Hand Weapons
 a - a +1 hand crossbow
 b - a +0 short sword
 K - the +9 heavy crossbow "Sniper" (weapon) {velocity, nevermiss, SInv}
   (You found it in the Dungeon)

   Any bolt fired from it inflicts extra damage.
   It lets you see invisible.
Missiles
 d - 1019 bolts (quivered)
Armour
 c - a +0 leather armour
 l - a +5 gold dragon armour (worn)
Jewellery
 E - a +6 ring of dexterity
 F - a +6 ring of dexterity
 G - a +6 ring of intelligence
 H - a +6 ring of intelligence
 I - a +6 ring of strength (left hand)
 J - a +6 ring of strength (right hand)
Wands
 y - a wand of disintegration (7/24)
 B - a wand of iceblast (5/15)
 C - a wand of lightning (5/15)
 D - a wand of acid (5/15)
Scrolls
 k - 4 scrolls of blinking
 s - 4 scrolls of amnesia
 t - 3 scrolls of recharging
 u - 7 scrolls of fog
 v - 5 scrolls of identify
 w - 5 scrolls of remove curse
 x - 2 scrolls of fear
Potions
 e - 10 potions of curing
 g - 10 potions of heal wounds
 h - 6 potions of haste
 i - 7 potions of magic
 j - 3 potions of berserk rage
 m - 2 potions of brilliance
 n - a potion of invisibility
 o - 4 potions of resistance
 q - 5 potions of agility
 r - 5 potions of might
Comestibles
 f - 5 bread rations
 z - 42 fruits
 A - 4 meat rations


   Skills:
 + Level 3.3 Fighting
 * Level 5.1 Crossbows
 + Level 2.1 Armour
 + Level 3.0 Dodging
 - Level 0.8 Stealth
 * Level 4.9 Invocations


You had one spell level left.
You didn't know any spells.

Dungeon Overview and Level Annotations

Branches:
Dungeon (1/1)

Altars:
Ashenzari
Cheibriados
Dithmenos
Elyvilon
Fedhas
Gozag
Hepliaklqana
Kikubaaqudgha
Makhleb
Nemelex Xobeh
Okawaru
Qazlal
Ru
Sif Muna
Trog
Uskayaw
Vehumet
Xom
Yredelemnul
Zin
The Shining One
Beogh
Jiyva
Lugonu


Innate Abilities, Weirdness & Mutations

You have sharp toenails.


Message History

Your surroundings seem different!
Welcome to arena 1.
An air elemental and a water elemental come into view.
The air elemental hits you!
Found the +7 captain's cutlass {speed, disarm} and a Grand Grimoire.
You fade into invisibility!
The air elemental hits you but does no damage.
The air elemental barely misses you.
You are very lightly contaminated with residual magic.
Firing (i - inventory):
d - 1020 bolts (quivered)
Press: ? - help, Shift-Dir - straight line, f - water elemental
Aim: a water elemental You shoot a bolt.
The bolt hits the water elemental!!
The water elemental is severely damaged.
The air elemental hits you but does no damage.
The air elemental hits you. x2
The air elemental hits you but does no damage.
The water elemental hits you!
* * * LOW HITPOINT WARNING * * *
The air elemental hits you.
You die...

▓▓▓▓▓▓▓
▓.8©8.▓
▓.....▓
▓.:.).▓
▓.....▓
▓.EE..▓
▓..@..▓
▓▓▓▓▓▓▓


You could see a water elemental and an air elemental.

Vanquished Creatures (others)
  A spatial maelstrom (D)
1 creature vanquished.

Notes
Turn   | Place    | Note
-------+----------+-------------------------------------------
     0 | D        | Theye the Demonspawn Hunter began the quest for the Orb.
     0 | D        | Reached XP level 1. HP: 16/16 MP: 1/1
     9 | D        | Banished a spatial maelstrom
    15 | D        | Found a deep blue altar of Sif Muna.
    15 | D        | Found a bloodstained altar of Trog.
    15 | D        | Found a sacrificial altar of Ru.
    15 | D        | Found a stormy altar of Qazlal.
    15 | D        | Found an iron altar of Okawaru.
    16 | D        | Found a sparkling altar of Nemelex Xobeh.
    16 | D        | Found a blossoming altar of Fedhas.
    18 | D        | Found an ancient bone altar of Kikubaaqudgha.
    18 | D        | Found a viscous altar of Jiyva.
    18 | D        | Found a corrupted altar of Lugonu.
    18 | D        | Found a hazy altar of Hepliaklqana.
    18 | D        | Found a burning altar of Makhleb.
    18 | D        | Found an opulent altar of Gozag.
    59 | D        | Became a worshipper of Qazlal Stormbringer
    67 | D        | Reached skill level 5 in Crossbows
    67 | D        | Gained mutation: You have sharp toenails. [demonic ancestry]
    67 | D        | Reached XP level 2. HP: 24/24 MP: 1/5
    68 | D        | Entered arena 1.
    68 | D        | Noticed an air elemental
    68 | D        | Noticed a water elemental
    70 | D        | Slain by an air elemental

Vault maps used:
D:        sprint_v

Skill      XL: |  1 |
---------------+----+-----
Fighting       | 3 |  3.3
Crossbows      | 5 |  5.1
Armour         | 2 |  2.1
Dodging        | 3 |  3.0
Invocations    | 4 |  4.9
Stealth        | |  0.8

Action                   || total
-------------------------++-------
 Fire: Heavy crossbow    ||     1
  Use: Potion            ||     2
Armor: Gold dragon armou ||     3
Dodge: Dodged            ||     1
